 Dungeon Crawl Stone Soup version 0.27.1-1-g398f81649c (webtiles) character file.

Game seed: 16488606057199831812

82 szrap the Chopper (level 4, -3/40 HPs)
             Began as a Hill Orc Monk on Sept 14, 2021.
             Slain by a gnoll (5 damage)
             ... on level 2 of the Dungeon.
             The game lasted 00:06:02 (4785 turns).

szrap the Chopper (Hill Orc Monk)                   Turns: 4785, Time: 00:06:02

Health: -3/40      AC:  8    Str: 14    XL:     4   Next: 43%
Magic:  4/4        EV: 11    Int: 10    God:
Gold:   52         SH:  0    Dex: 13    Spells: 3/3 levels left

rFire    . . .     SeeInvis .   a - +0 hand axe
rCold    . . .     Faith    .   (no shield)
rNeg     . . .     Spirit   .   j - +0 ring mail
rPois    .         Reflect  .   i - +2 helmet
rElec    .         Harm     .   (no cloak)
rCorr    .         Rampage  .   (no gloves)
Will     .....                  (no boots)
Stlth    +.........             (no amulet)
HPRegen  0.13/turn              (no ring)
MPRegen  0.09/turn              (no ring)

@: no status effects
A: no striking features
a: no special abilities


You were on level 2 of the Dungeon.
You visited 1 branch of the dungeon, and saw 3 of its levels.

You collected 52 gold pieces.

Inventory:

Hand Weapons
 a - a +0 hand axe (weapon)
Armour
 i - a +2 helmet (worn)
 j - a +0 ring mail (worn)
Scrolls
 c - a scroll of identify
 d - a scroll of immolation {unknown}
Potions
 b - 2 potions of curing {unknown}
 g - a potion of might


   Skills:
 + Level 4.0 Fighting
 + Level 4.8 Axes
 * Level 2.8 Armour
 + Level 2.7 Dodging
 - Level 1.5 Stealth


You had 3 spell levels left.
You didn't know any spells.
Your spell library contained the following spells:

 Spells                   Type           Power      Damage    Failure   Level
 Foxfire                  Conj/Fire      0%         2x1d4     58%         1
 Conjure Flame            Conj/Fire      0%         6-21      92%         3
 Ignite Poison            Fire/Tmut/Pois 0%         N/A       92%         3
 Inner Flame              Hex/Fire       0%         N/A       92%         3
 Sticky Flame             Conj/Fire      0%         2d3       100%        4
 Summon Ice Beast         Ice/Summ       0%         N/A       100%        4
 Summon Mana Viper        Hex/Summ       0%         N/A       100%        5
 Monstrous Menagerie      Summ           0%         N/A       100%        7


Dungeon Overview and Level Annotations

Branches:
Dungeon (3/15)

Altars:
Gozag

Annotations:
D:2 Terence
D:3 3 runed translucent doors, NFM's ghost, amateur HOFi


Message History

You are too injured to fight recklessly!
You are too injured to fight recklessly!
You are too injured to fight recklessly!
You are too injured to fight recklessly!
You closely miss the gnoll.
The gnoll is heavily wounded.
The gnoll hits you but does no damage.
You hit the gnoll but do no damage.
The gnoll is heavily wounded.
The gnoll hits you with a +0 whip.
You hit the gnoll.
The gnoll is severely wounded.
The gnoll barely misses you.
You hit the gnoll.
The gnoll is almost dead.
The gnoll hits you with a +0 whip!
* * * LOW HITPOINT WARNING * * *
You barely miss the gnoll.
The gnoll is almost dead.
The gnoll hits you but does no damage.
You hit the gnoll but do no damage.
The gnoll is almost dead.
The gnoll barely misses you.
You hit the gnoll but do no damage.
The gnoll is almost dead.
The gnoll barely misses you.
You barely miss the gnoll.
The gnoll is almost dead.
The gnoll hits you with a +0 whip.
* * * LOW HITPOINT WARNING * * *
You closely miss the gnoll.
The gnoll is almost dead.
The gnoll hits you with a +0 whip.
* * * LOW HITPOINT WARNING * * *
The gnoll hits you with a +0 whip.
* * * LOW HITPOINT WARNING * * *
You hit the gnoll but do no damage.
The gnoll is almost dead.
The gnoll hits you with a +0 whip.
You die...

#.............##........## #.#
........#.....##..#..#.## #.#
.....................#.### #.#
###).#...................####.###
##..#......>....................
##.....................######.###
..........#.#..####.##.######.###
###..#..###.#..####.##....#.....#
#.......)....g@............<..#
#####..##.#######.##..#.#.#....
#..##.# #.##...........
#######..##.# ##.##...........
.........##.# #...............
########.##.# #..#######.###.#
#####.##.######..# #.# #.#
#................#######.# #.#
#####.##.######..........# ###


You could see a gnoll.

Vanquished Creatures
  3 adders (D:2)
  A worm (D:2)
  A dart slug (D:1)
  2 orcs (D:3)
  4 ball pythons
  5 bats
  4 endoplasms
  2 giant cockroaches
  4 goblins
  4 hobgoblins
  3 jackals
  3 quokkas
  5 frilled lizards
  3 kobolds (D:1)
  5 rats
49 creatures vanquished.

Notes
Turn   | Place    | Note
-------+----------+-------------------------------------------
     0 | D:1      | szrap the Hill Orc Monk began the quest for the Orb.
     0 | D:1      | Reached XP level 1. HP: 19/19 MP: 1/1
   581 | D:1      | Reached XP level 2. HP: 21/27 MP: 2/2
  1187 | D:1      | Reached skill level 1 in Armour
  1896 | D:2      | Noticed Terence
  1896 | D:2      | Found an opulent altar of Gozag.
  1977 | D:2      | Reached XP level 3. HP: 12/33 MP: 3/3
  4076 | D:3      | Found a runed translucent gate.
  4076 | D:3      | Found a runed translucent gate.
  4076 | D:3      | Found a runed translucent gate.
  4084 | D:3      | Reached XP level 4. HP: 38/40 MP: 4/4
  4580 | D:3      | Noticed NFM's ghost (amateur HOFi)
  4779 | D:2      | HP: 2/40 [gnoll (3)]
  4784 | D:2      | HP: 2/40 [gnoll (1)]
  4785 | D:2      | Slain by a gnoll

Illustrated notes

Levels and vault maps discovered:
D:1:      kennysheep_arrival_seaside, layout_basic
D:2:      minmay_wonky_spiral, layout_basic, basic_altar,
          shapermc_ecumenical_altar_flowoftime, uniq_terence
D:3:      layout_rooms, demons_altar, gammafunk_ghost_icy, serial_bayou_pond_e

Skill      XL: |  1  2  3 |
---------------+----------+-----
Armour         | 1 2 |  2.8
Fighting       | 4 |  4.0
Axes           | |  4.8
Dodging        | |  2.7
Stealth        | |  1.5

Action                   |  1- 3 |  4- 6 || total
-------------------------+-------+-------++-------
Melee: Hand axe          |   160 |    66 ||   226
  Use: Scroll            |     8 |       ||     8
 Stab: Sleeping          |     1 |       ||     1
Armor: Leather armour    |    28 |       ||    28
       Robe              |     4 |       ||     4
       Ring mail         |    21 |    28 ||    49
Dodge: Dodged            |    87 |    43 ||   130
